 Dungeon Crawl Stone Soup version 0.18.1-48-g4cf74bf (webtiles) character file.

25 Heedrag the Skirmisher (level 2, 0/27 HPs)
             Began as a Minotaur Fighter on Aug 7, 2016.
             Succumbed to an adder's poison
             ... on level 2 of the Dungeon.
             The game lasted 00:01:36 (1014 turns).

Heedrag the Skirmisher (Minotaur Fighter)           Turns: 1014, Time: 00:01:37

Health: 0/27       AC:  8    Str: 20    XL:     2   Next: 82%
Magic:  1/1        EV:  7    Int:  5    God:
Gold:   39         SH:  9    Dex:  9    Spells: 0 memorised, 1 level left

rFire  . . .     SeeInvis .     a - +0 war axe
rCold  . . .     Gourm    .     b - +0 scale mail
rNeg   . . .     Faith    .     c - +0 shield
rPois  .         Spirit   .     (helmet restricted)
rElec  .         Dismiss  .     (no cloak)
rCorr  .         Reflect  .     (no gloves)
SustAt .         Harm     .     h - +0 pair of boots
MR     .....                    m - amulet of inaccuracy (curse)
Stlth  ..........               (no ring)
                                j - ring of wizardry

@: lethally poisoned (0 -> -3), slowed, very slow, not resistant to hostile
enchantments, extremely unstealthy
A: retaliatory headbutt, horns 2
a: no special abilities


You were on level 2 of the Dungeon.
You were not hungry.

You visited 1 branch of the dungeon, and saw 2 of its levels.

You collected 39 gold pieces.

Inventory:

Hand Weapons
 a - a +0 war axe (weapon)
Armour
 b - a +0 scale mail (worn)
 c - a +0 shield (worn)
 h - a +0 pair of boots (worn)
Jewellery
 j - a ring of wizardry (left hand)
 m - a cursed amulet of inaccuracy (around neck)
Scrolls
 e - 2 scrolls of teleportation {unknown}
 i - a scroll of recharging {unknown}
 k - 2 scrolls of identify {unknown}
 l - a scroll of amnesia {unknown}
Potions
 d - a potion of might
Comestibles
 f - 2 bread rations
 g - 3 meat rations


   Skills:
 + Level 4.1 Fighting
 * Level 3.0 Axes
 + Level 4.0 Armour
 + Level 3.8 Shields


You had one spell level left.
You didn't know any spells.

Dungeon Overview and Level Annotations

Branches:
Dungeon (2/15)

Altars:
Ashenzari

Annotations:
D:2 Natasha


Innate Abilities, Weirdness & Mutations

You reflexively headbutt those who attack you in melee.
You have a pair of horns on your head.


Message History

Natasha mewls in sadness.
Natasha wildly gestures.
Natasha's fin'ertips start ta glow.
Natasha casts a spell.
Ye block tha adder's attack.
Yer shield prevents ye from hittin' tha adder.
Tha adder be severely wounded.
Ye feel sick.
Ye be nay longer poison'd.
Tha adder bites ye but does nay damage. x2; Tha adder bites ye.
* * * LOW HITPOINT WARNIN'
* * * Ye barely miss tha adder.
Tha adder be severely wounded.
Tha adder bites ye.
* * * LOW HITPOINT WARNIN'
* * * Ye be leth'lly poison'd!
Tha adder poisons ye!
Tha crimson imp blinks!
Ye block tha adder's attack.
Tha adder barely misses ye.
Ye miss tha adder.
Yer headbutt misses tha adder.
Tha adder be severely wounded.
Ye die...

........# #### ........#
...# .....?..# ##.#
........# ...# ........#
#..# ..(.5...# ..<#
.......5######## .#.#
)......hS@.....# .#.#
#.......5######.#######
.#.# #...####.#
#(......# .#.# #..
#.############†# .#.#
##...####.#..........#.#
##.#
......†...##.#######.#.#
#.# #..........# #.#(#
#.# #..........# #.#.#
#.#########..........#
#.#(#


You could see Natasha, a crimson imp, an adder and 2 shadow imps.

Vanquished Creatures
  2 giant geckos (D:1)
  A bat (D:1)
  A giant cockroach (D:2)
  3 goblins (D:1)
  A hobgoblin (D:1)
  4 jackals (D:1)
  2 kobolds (D:2)
  A quokka (D:2)
  2 giant newts
  3 rats (D:1)
20 creatures vanquished.

Notes
Turn   | Place    | Note
--------------------------------------------------------------
     0 | D:1      | Heedrag the Minotaur Fighter began the quest for the Orb.
     0 | D:1      | Reached XP level 1. HP: 19/19 MP: 0/0
   227 | D:1      | Reached XP level 2. HP: 27/27 MP: 1/1
   751 | D:1      | Found a shattered altar of Ashenzari.
  1000 | D:2      | Noticed Natasha
  1006 | D:2      | Noticed a crimson imp
  1013 | D:2      | HP: 1/27 [adder (3)]
  1014 | D:2      | Succumbed to an adder's poison

Skill      XL: |  1  2 |
---------------+-------+-----
Fighting       | 4 |  4.1
Armour         | 4 |  4.0
Axes           | 3 |  3.0
Shields        | |  3.8

Action                   || total
-------------------------++-------
Melee: War axe           ||    65
       Headbutt          ||     7
Armor: Scale mail        ||    44
Dodge: Dodged            ||    25
Block: Shield            ||    38
